 Dungeon Crawl Stone Soup version 0.28.0-45-g0d030f2227 (webtiles) character file.

Game seed: 11156382554287911082

218982 protoss039 the Warrior (level 18, 0/157 HPs)
             Began as a Demonspawn Conjurer on May 14, 2022.
             Was the Champion of Vehumet.
             Slain by an alligator (1 damage)
             ... on level 3 of the Swamp.
             The game lasted 02:25:04 (51833 turns).

protoss039 the Warrior (Demonspawn Conjurer)       Turns: 51833, Time: 02:25:06

Health: 0/157      AC: 20    Str: 11    XL:     18   Next: 43%
Magic:  4/38       EV: 14    Int: 33    God:    Vehumet [******]
Gold:   808        SH: 16    Dex: 23    Spells: 6/50 levels left

rFire   . . .      SeeInvis +   M - +2 broad axe (flame)
rCold   + . .      Faith    .   O - +0 kite shield {reflect}
rNeg    + + .      Spirit   .   Q - +0 swamp dragon scales
rPois   +          Reflect  +   p - +1 helmet "Kurgh" {Fly rC+ Str+2 Slay-5}
rElec   +          Harm     .   U - +2 cloak {Will+}
rCorr   .          Rampage  .   Y - +0 pair of gloves {Dex+3}
Will    ++...                   X - +1 pair of boots "Geiseit" {rN+ Regen+ Dex+4}
Stlth   ++........              K - amulet of reflection
HPRegen 1.16/turn               V - +6 ring of intelligence
MPRegen 0.26/turn               P - ring "Aribruaxta" {rElec rN+ Dex+5 SInv}

@: flying, slowed, studying 3 skills, repel missiles, very slow
A: claws 2, repulsion field 3, icemail 1, condensation shield, demonic magic 3
}: 1/15 runes: gossamer
a: Renounce Religion


You were on level 3 of the Swamp.
You worshipped Vehumet.
Vehumet was exalted by your worship.
You visited 6 branches of the dungeon, and saw 32 of its levels.
You visited 1 bazaar.
You also visited: Gauntlet, Ice Cave and Volcano.

You collected 3319 gold pieces.
You spent 2511 gold pieces at shops.

Inventory:

Hand Weapons
 q - the +6 spear of the Six Ships {drain, rPois rF+}
   (You took it off a spriggan on level 12 of the Dungeon)

   A truly terrible weapon, it drains the life of any living foe it strikes.
   rF:        It protects you from fire.
   rPois:     It protects you from poison.
 M - a +2 broad axe of flaming (weapon)
Missiles
 a - 15 silver javelins
 C - 590 stones (quivered)
 F - 3 throwing nets
Armour
 p - the +1 helmet "Kurgh" (worn) {Fly rC+ Str+2 Slay-5}
   (You bought it in a shop on level 12 of the Dungeon)

   Str:       It affects your strength (+2).
   Slay:      It affects your accuracy & damage with ranged weapons and melee
   (-5).
   rC:        It protects you from cold.
   Fly:       It grants you flight.
 y - a +4 scale mail of cold resistance
 z - a +1 helmet of intelligence
 B - a +3 scale mail of willpower
 I - the +0 leather armour of Paranoia {rF+ Int+4}
   (You found it on level 7 of the Dungeon)

   Int:       It affects your intelligence (+4).
   rF:        It protects you from fire.
 O - a +0 kite shield of reflection (worn)
 Q - +0 swamp dragon scales (worn)
 U - a +2 cloak of willpower (worn)
 W - a +0 kite shield of cold resistance
 X - the +1 pair of boots "Geiseit" (worn) {rN+ Regen+ Dex+4}
   (You found it in a Gauntlet)

   Dex:       It affects your dexterity (+4).
   rN:        It protects you from negative energy.
   Regen:     It increases your rate of health regeneration.
 Y - a +0 pair of gloves of dexterity (worn)
Jewellery
 b - a ring of magical power
 K - an amulet of reflection (around neck)
 P - the ring "Aribruaxta" (right hand) {rElec rN+ Dex+5 SInv}
   (You bought it in a shop in a bazaar)

   [ring of see invisible]

   Dex:       It affects your dexterity (+5).
   rElec:     It insulates you from electricity.
   rN:        It protects you from negative energy.
   SInv:      It lets you see invisible.
 T - a ring of resist corrosion
 V - a +6 ring of intelligence (left hand)
Wands
 r - a wand of mindburst (6)
 u - a wand of flame (63)
 v - a wand of acid (18)
 D - a wand of polymorph (30)
 S - a wand of iceblast (23)
 Z - a wand of digging (8)
Scrolls
 d - 6 scrolls of blinking
 e - 20 scrolls of teleportation
 g - a scroll of amnesia
 h - 7 scrolls of identify
 k - 3 scrolls of torment
 o - 6 scrolls of fear
 s - 4 scrolls of immolation
 w - 2 scrolls of brand weapon
 x - 5 scrolls of fog
 A - 5 scrolls of enchant weapon
 L - 3 scrolls of enchant armour
Potions
 c - 9 potions of heal wounds
 f - 5 potions of invisibility
 i - a potion of magic
 j - 10 potions of lignification
 l - 5 potions of might
 m - 8 potions of brilliance
 n - 6 potions of haste
 t - 2 potions of resistance
 E - 15 potions of curing
 G - 10 potions of mutation
 H - 6 potions of cancellation
 J - 8 potions of ambrosia
 N - 5 potions of flight
Miscellaneous
 R - a phantom mirror


   Skills:
 - Level 18.0 Fighting
 - Level 12.0 Armour
 - Level 3.0 Dodging
 - Level 3.0 Stealth
 * Level 5.2 Shields
 + Level 16.6 Spellcasting
 + Level 13.4 Conjurations
 - Level 3.0 Transmutations
 - Level 6.0 Fire Magic
 + Level 10.6 Earth Magic


You had 6 spell levels left.
You knew the following spells:

 Your Spells              Type           Power      Damage    Failure   Level
a - Sandblast             Erth           100%       2d20      1%          1
b - Passwall              Tmut/Erth      53%        N/A       1%          2
c - Stone Arrow           Conj/Erth      100%       3d13      1%          3
d - Swiftness             Air            27%        N/A       24%         3
f - Starburst             Conj/Fire      37%        6d11      6%          6
g - Mephitic Cloud        Conj/Pois/Air  54%        N/A       1%          3
h - Freezing Cloud        Conj/Ice/Air   27%        6-21      10%         5
i - Ozocubu's Refrigerat  Ice            13%        4d7       100%        7
j - Iron Shot             Conj/Erth      41%        9d8       2%          6
k - Lehudib's Crystal Sp  Conj/Erth      41%        10d10     63%         8

Your spell library contained the following spells:

 Spells                   Type           Power      Damage    Failure   Level
 Ignition                 Fire           30%        3d10      100%        8
 Chain Lightning          Conj/Air       32%        3d42      100%        9
 Fire Storm               Conj/Fire      37%        8d10      100%        9
 Magic Dart               Conj           100%       1d8       1%          1
 Searing Ray              Conj           100%       2d8       1%          2
 Static Discharge         Conj/Air       64%        N/A       1%          2
 Dazzling Flash           Conj/Hex       100%       N/A       1%          3
 Fulminant Prism          Conj/Hex       32%        3d16      1%          4
 Hailstorm                Conj/Ice       64%        3d14      1%          4
 Iskenderun's Mystic Bla  Conj/Tloc      64%        2d13      1%          4
 Beastly Appendage        Tmut           94%        N/A       2%          1
 Freeze                   Ice            100%       1d11      2%          1
 Irradiate                Conj/Tmut      34%        3d25      2%          5
 Wereblood                Tmut           47%        N/A       3%          2
 Petrify                  Tmut/Erth      64%        N/A       4%          4
 Lightning Bolt           Conj/Air       32%        1d49      4%          5
 Frozen Ramparts          Ice            54%        1d7       7%          3
 Animate Skeleton         Necr           54%        N/A       8%          1
 Pain                     Necr           100%       1d9       8%          1
 Slow                     Hex            100%       N/A       8%          1
 Summon Small Mammal      Summ           100%       N/A       8%          1
 Animate Armour           Summ/Erth      100%       N/A       9%          4
 Leda's Liquefaction      Hex/Erth       29%        N/A       9%          4
 Call Imp                 Summ           27%        N/A       12%         2
 Ensorcelled Hibernation  Hex/Ice        54%        N/A       12%         2
 Sublimation of Blood     Necr           27%        N/A       12%         2
 Spider Form              Tmut/Pois      37%        N/A       13%         3
 Conjure Ball Lightning   Conj/Air       32%        3x3d10    19%         6
 Airstrike                Air            13%        N/A       21%         4
 Call Canine Familiar     Summ           27%        N/A       24%         3
 Confusing Touch          Hex            27%        N/A       24%         3
 Portal Projectile        Hex/Tloc       54%        N/A       24%         3
 Summon Guardian Golem    Hex/Summ       27%        N/A       24%         3
 Vampiric Draining        Necr           27%        2d7       24%         3
 Blade Hands              Tmut           23%        N/A       54%         5
 Summon Lightning Spire   Summ/Air       27%        N/A       61%         4
 Eringya's Noxious Bog    Tmut/Pois      18%        N/A       82%         6
 Excruciating Wounds      Necr           13%        N/A       91%         5
 Summon Forest            Summ/Tloc      13%        N/A       91%         5
 Summon Hydra             Summ           13%        N/A       100%        7
 Borgnjor's Revivificati  Necr           13%        N/A       100%        8
 Discord                  Hex            13%        N/A       100%        8
 Disjunction              Tloc           13%        N/A       100%        8
 Maxwell's Capacitive Co  Air            13%        ∞         100%        8
 Necromutation            Tmut/Necr      18%        N/A       100%        8
 Death's Door             Necr           13%        N/A       100%        9


Dungeon Overview and Level Annotations

Branches:
Dungeon (15/15)            Temple (1/1) D:4            Lair (6/6) D:9
  Swamp (4/4) Lair:2       Spider (4/4) Lair:4        Slime (0/5) Lair:5
    Orc (2/2) D:10            Elf (0/3) Orc:2        Vaults (0/5) D:13
 Depths (0/4) D:15          IceCv (visited)         Volcano (visited)
Gauntlet (visited)

Altars:
Ashenzari
Cheibriados
Dithmenos
Elyvilon
Fedhas
Gozag
Hepliaklqana
Kikubaaqudgha
Makhleb
Nemelex Xobeh
Okawaru
Qazlal
Ru
Sif Muna
Trog
Uskayaw
Vehumet
Wu Jian
Xom
Yredelemnul
Zin
The Shining One
Beogh

Shops:
D:3 ?   D:7 :??(   D:12 [   Orc:1 =   Orc:2 :[!=(([

Portals:
Trove: D:14 (show abyssal rune of Zot)

Annotations:
Swamp:4 Mara, Mlioglotl
Spider:3 3 exclusions


Innate Abilities, Weirdness & Mutations

You have very sharp fingernails.
You are surrounded by a strong repulsion field. (EV +4, RMsl)
A meltable icy envelope protects you from harm. (AC +0)
A meltable shield of frost defends you. (SH +0)
Spells you cast and wands you use may paralyse nearby enemies.


Message History

Unknown command.
Unknown command.
Unknown command.
Unknown command.
Unknown command.
Unknown command.
Mlioglotl churns violently!
Mlioglotl corrupts the dungeon around him!
Mara gestures at you.
There is a horrible, sudden wrenching feeling in your soul!
The alligator bites you!
* * * LOW HITPOINT WARNING * * *
The alligator tail-slaps you!
* * * LOW HITPOINT WARNING * * *
You fly upwards.
There is a stone staircase leading down here.
Unknown command.
Okay, then.
You feel better. The alligator closely misses you.
You block the alligator's attack.
The alligator puts on a burst of speed!
Casting: Sandblast (safe; 1% risk of failure)
Confirm with . or Enter, or press ? or * to list all spells.
You don't have enough magic to cast this spell.
Unknown command.
Casting: Sandblast (safe; 1% risk of failure)
Confirm with . or Enter, or press ? or * to list all spells.
Aiming: Sandblast (safe; 1% risk of failure)
Press: ? - help, Shift-Dir - straight line, f - alligator
Aim: an alligator (moderately wounded, covering ground quickly, 86% to hit)
The blast of sand hits the alligator!
The alligator is heavily wounded.
C - 590 stones Malevolent energies surge around you.
The alligator bites you.
* * * LOW HITPOINT WARNING * * *
The alligator tail-slaps you!
* * * LOW HITPOINT WARNING * * *
The alligator bites you!!
* * * LOW HITPOINT WARNING * * *
The alligator tail-slaps you.
You die...

♣♣♣≈♣♣†.≈..♣ ♣♣≈♣♣♣♣..≈≈..
♣♣...♣♣.♣.≈..≈ ♣♣.♣≈§♣..≈.....
♣......≈.♣.♣≈♣♣ ♣♣.≈≈..≈...≈≈♣♣
♣♣.≈....≈≈....♣ ♣♣♣♣♣♣♣♣♣♣
♣♣♣♣♣♣♣♣≈..♣♣.≈..♣♣..♣
..≈≈♣....♣♣♣≈...@t≈..........♣...
.≈≈≈..§≈≈≈♣.≈≈...÷≈≈.≈.≈..≈.≈..≈.
≈≈....≈§≈.♣♣..≈♣≈..≈≈....§≈....♣.
.≈♣♣♣.≈≈≈.♣♣♣♣♣≈..≈...≈.#.##.....
§≈♣♣♣.≈≈≈≈♣ ♣≈≈♣.......##≈≈.#P...
≈.♣≈§.≈≈≈♣♣ ♣♣♣♣.≈≈...P#≈≈≈≈#....
≈..≈...♣♣♣ ♣≈.≈≈≈≈..#≈≈≈≈#≈..≈
§.≈♣>.≈♣♣ ♣♣§≈≈..≈.§#≈≈##....
.......≈♣ ♣♣♣ ♣♣......P.###P.≈≈.


You could see an alligator (swift).

Vanquished Creatures
  Arachne (Spider:2)
  Jorgrun (D:12)
  A lich (IceCv)
  Gastronok (Lair:2)
  Kirke (Lair:6)
  A fenstrider witch (Swamp:1)
  Donald (Spider:2)
  4 emperor scorpions
  Louise (D:14)
  Aizul (Swamp:3)
  2 ghost moths
  3 ghouls
  A broodmother (Spider:2)
  4 eleionomae
  A dire elephant (D:15)
  A minotaur (Gauntlet)
  A bunyip (Swamp:3)
  5 entropy weavers
  2 spark wasps
  The ghost of Beror the Arsonist, a journeyman DsFE of Vehumet (D:12)
  A green death (Gauntlet)
  Snorg (Lair:4)
  A shambling mangrove (Swamp:3)
  9 boulder beetles
  20 hydras
  A centaur warrior (Volcano)
  4 ogre magi
  3 catoblepae
  A caustic shrike simulacrum (IceCv)
  A ghost crab (Swamp:2)
  A radroach (Spider:4)
  6 jorogumos
  Erica (D:10)
  6 alligators
  5 death yaks
  15 two-headed ogres
  A death scarab (Spider:2)
  A spriggan berserker (Swamp:3)
  Urug (D:11)
  An orc high priest (Orc:1)
  A hell knight (Volcano)
  Sonja (Orc:2)
  Nergalle (Orc:2)
  6 pharaoh ants
  2 goliath frogs
  3 sun moths
  4 sixfirhies (Gauntlet)
  The ghost of PanSaczeczos the Shooter, a novice DjWn of Okawaru (D:7)
  8 steelbarb worms
  A flayed ghost (D:14)
  2 spriggan druids
  6 orb spiders
  A spriggan simulacrum (IceCv)
  6 swamp dragons
  Pikel (D:2)
  11 bog bodies
  A lindwurm (Lair:6)
  2 obsidian statues
  A wizard (D:13)
  2 necromancers
  5 deep elf pyromancers
  23 wolf spiders
  A deep elf zephyrmancer (D:13)
  2 manticores
  2 moths of wrath
  2 will-o-the-wisps
  17 ugly things
  10 orc sorcerers
  A cyclops (D:11)
  11 elephants
  5 black mambas
  2 ice statues (D:12)
  An orange demon (Gauntlet)
  Joseph (Lair:1)
  11 cane toads
  A gargoyle (D:12)
  6 torpor snails
  Maggie (D:10)
  12 komodo dragons
  5 rime drakes
  A kobold demonologist (D:10)
  A yaktaur (Volcano)
  11 demonic crawlers
  15 freezing wraiths
  An efreet (D:13)
  An entropy weaver simulacrum (IceCv)
  An ice devil (IceCv)
  4 anaconda simulacra (IceCv)
  5 trolls
  A queen bee (Lair:2)
  2 golden dragon simulacra (IceCv)
  5 tyrant leeches
  23 meliai
  25 tarantellas
  14 hornets
  5 polar bears
  A wind drake (shapeshifter) (D:14)
  6 dream sheep (Lair:6)
  20 blink frogs
  3 slime creatures (D:14)
  26 jumping spiders
  Sigmund (D:5)
  17 culicivoras
  2 wraiths
  11 wyverns
  20 spriggans
  A shadow (D:10)
  Grum (D:10)
  48 yaks
  4 dire elephant simulacra (IceCv)
  10 basilisks
  A vampire (D:13)
  6 fire bats (Volcano)
  5 hogs (Lair:6)
  A human (Lair:6)
  A minotaur simulacrum (IceCv)
  65 redbacks
  5 vampire mosquitoes
  Menkaure (D:4)
  16 swamp worms
  2 wargs
  3 harpy simulacra (IceCv)
  16 water moccasins
  2 acid dragons (D:9)
  2 hydra simulacra (IceCv)
  16 orc warriors
  3 swamp drakes
  2 ice beasts
  7 black bears
  4 alligator simulacra (IceCv)
  5 boggarts
  4 necrophages
  6 ogres
  39 wolves
  16 centaurs
  2 lemures
  4 kobold brigands
  15 bullfrogs
  2 deep troll simulacra (IceCv)
  A hornet simulacrum (D:14)
  5 lindwurm simulacra (IceCv)
  28 killer bees (Lair:2)
  4 wights (D:7)
  2 electric eels
  5 lava snakes (Volcano)
  2 centaur zombies
  A gnoll shaman (D:6)
  2 hounds
  12 orc priests
  A centaur skeleton (D:7)
  Crazy Yiuf (D:7)
  5 hell rats (Lair:6)
  4 iguanas
  Natasha (thrice) (D:4)
  31 orc wizards
  A scorpion zombie (D:5)
  A killer bee zombie (D:7)
  A hound skeleton (D:5)
  6 gnolls
  13 adders
  2 river rats (Lair:2)
  2 adder skeletons (D:4)
  3 worms
  4 dart slugs
  60 orcs
  6 bats
  5 endoplasms
  A giant cockroach (D:4)
  3 goblins
  5 hobgoblins
  A quokka (D:3)
  3 ball pythons
  5 frilled lizards
  20 kobolds
  6 rats
1086 creatures vanquished.

Vanquished Creatures (others)
  A bloated husk (Swamp:1)
  A jumping spider (Spider:1)
  A swamp worm (Swamp:1)
  4 demonic plants (Gauntlet)
  4 foxfires (Swamp:4)
  56 fungi
  86 plants
153 creatures vanquished.

Grand Total: 1239 creatures vanquished

Notes
Turn   | Place    | Note
-------+----------+-------------------------------------------
     0 | D:1      | protoss039 the Demonspawn Conjurer began the quest for the
                  | Orb.
     0 | D:1      | Reached XP level 1. HP: 13/13 MP: 3/3
   479 | D:1      | Gained mutation: You are surrounded by a mild repulsion
                  | field. (EV +2) [demonic ancestry]
   479 | D:1      | Reached XP level 2. HP: 19/19 MP: 0/5
  1194 | D:1      | Learned a level 2 spell: Searing Ray
  1261 | D:2      | Gained mutation: Spells you cast may paralyse adjacent
                  | enemies. [demonic ancestry]
  1261 | D:2      | Reached XP level 3. HP: 21/24 MP: 3/6
  1354 | D:2      | Noticed a necrophage
  1438 | D:1      | Killed a necrophage
  1439 | D:1      | Reached skill level 1 in Fighting
  1439 | D:1      | Reached XP level 4. HP: 19/32 MP: 3/8
  1930 | D:2      | Reached XP level 5. HP: 37/37 MP: 4/9
  3001 | D:3      | Found Dokhlivvo's Magic Scroll Shop.
  3009 | D:3      | Bought a scroll of teleportation for 30 gold pieces
  3009 | D:3      | Bought a scroll of identify for 20 gold pieces
  3009 | D:3      | Bought a scroll of identify for 20 gold pieces
  3189 | D:3      | Found a faded altar of an unknown god.
  3542 | D:4      | Noticed Pikel
  3542 | D:4      | Noticed a lemure
  3542 | D:4      | Noticed a lemure
  3542 | D:4      | Noticed a lemure
  3542 | D:4      | Noticed a lemure
  3647 | D:2      | Killed a lemure
  3820 | D:3      | Killed a lemure
  4460 | D:4      | Reached skill level 2 in Fighting
  4889 | D:2      | Killed Pikel
  4890 | D:2      | Reached skill level 3 in Fighting
  4890 | D:2      | Reached skill level 5 in Spellcasting
  4890 | D:2      | Reached skill level 5 in Conjurations
  4890 | D:2      | Gained mutation: You are surrounded by a moderate repulsion
                  | field. (EV +3) [demonic ancestry]
  4890 | D:2      | Reached XP level 6. HP: 39/47 MP: 0/13
  4890 | D:2      | Reached XP level 7. HP: 43/52 MP: 0/14
  5068 | D:4      | Noticed Natasha
  5071 | D:4      | Killed Natasha
  5253 | D:4      | Noticed Menkaure
  5265 | D:4      | Killed Menkaure
  5581 | D:4      | Found a staircase to the Ecumenical Temple.
  5738 | D:4      | Reached XP level 8. HP: 58/58 MP: 8/17
  6089 | D:4      | Noticed Natasha
  6096 | D:4      | Killed Natasha
  6444 | D:4      | Noticed Natasha
  6451 | D:4      | Killed Natasha
  6642 | Temple   | Entered the Ecumenical Temple
  6865 | Temple   | Became a worshipper of Vehumet
  6911 | D:5      | Entered Level 5 of the Dungeon
  7105 | D:5      | Reached skill level 1 in Armour
  7642 | D:5      | Noticed Sigmund
  7655 | D:5      | Killed Sigmund
  7656 | D:5      | Reached skill level 4 in Fighting
  8314 | D:5      | Learned a level 1 spell: Sandblast
  8484 | D:6      | Reached skill level 1 in Earth Magic
  8510 | D:6      | Found a basalt altar of Yredelemnul.
  8592 | D:6      | Found a sacrificial altar of Ru.
  8966 | D:6      | Gained mutation: You have sharp fingernails. [demonic
                  | ancestry]
  8966 | D:6      | Reached XP level 9. HP: 67/67 MP: 3/19
  9082 | D:6      | Reached skill level 5 in Fighting
  9504 | D:6      | Learned a level 3 spell: Stone Arrow
  9634 | D:7      | Found Budumett's Magic Scroll Emporium.
  9634 | D:7      | Found Dahefes's Weapon Emporium.
  9638 | D:7      | Reached * piety under Vehumet
  9638 | D:7      | Offered knowledge of Foxfire by Vehumet.
  9721 | D:7      | Found Nuzo's Book Emporium.
  9721 | D:7      | Found Huq Zis's Magic Scroll Emporium.
  9734 | D:7      | Bought a scroll of amnesia for 42 gold pieces
  9734 | D:7      | Bought a scroll of teleportation for 36 gold pieces
  9734 | D:7      | Bought a scroll of teleportation for 36 gold pieces
  9734 | D:7      | Bought a scroll of teleportation for 36 gold pieces
  9741 | D:7      | Bought a scroll of teleportation for 33 gold pieces
  9741 | D:7      | Bought a scroll of teleportation for 33 gold pieces
  9741 | D:7      | Bought a scroll of identify for 22 gold pieces
  9741 | D:7      | Bought a scroll of fog for 22 gold pieces
  9741 | D:7      | Bought a scroll of identify for 22 gold pieces
  9936 | D:7      | Identified the +0 leather armour of Paranoia {rF+ Int+4}
 10246 | D:7      | Found a runed translucent door.
 10247 | D:7      | Noticed Crazy Yiuf
 10491 | D:7      | Found a runed translucent gate.
 10491 | D:7      | Found a runed translucent gate.
 10491 | D:7      | Found a runed translucent gate.
 10494 | D:7      | Noticed PanSaczeczos's ghost (novice DjWn)
 10510 | D:7      | Identified the +10 plate armour of the Foremost Nightcaps
                  | {Rampage}
 10532 | D:7      | Learned a level 2 spell: Passwall
 10577 | D:8      | Reached skill level 6 in Fighting
 11601 | D:9      | Noticed a komodo dragon
 11680 | D:9      | Noticed a two-headed ogre
 11686 | D:9      | Killed a two-headed ogre
 11687 | D:9      | Gained mutation: Spells you cast may paralyse nearby
                  | enemies. [demonic ancestry]
 11687 | D:9      | Reached XP level 10. HP: 77/77 MP: 7/23
 12029 | D:9      | Found a shadowy altar of Dithmenos.
 12473 | D:9      | Learned a level 2 spell: Static Discharge
 12477 | D:9      | Learned a level 3 spell: Swiftness
 12481 | D:9      | Learned a level 3 spell: Dazzling Flash
 12554 | D:9      | Reached skill level 7 in Fighting
 12714 | D:9      | Offered knowledge of Poisonous Vapours by Vehumet.
 12756 | D:9      | Reached ** piety under Vehumet
 12757 | D:9      | Reached skill level 5 in Earth Magic
 12904 | D:9      | Found a staircase to the Lair.
 13034 | D:10     | Entered Level 10 of the Dungeon
 13243 | D:10     | Reached skill level 8 in Fighting
 13378 | D:10     | Noticed Grum
 13387 | D:10     | Reached skill level 10 in Spellcasting
 13390 | D:10     | Killed Grum
 13454 | D:10     | Gained mutation: You have very sharp fingernails. [demonic
                  | ancestry]
 13454 | D:10     | Reached XP level 11. HP: 71/86 MP: 20/25
 14040 | D:10     | Offered knowledge of Mephitic Cloud by Vehumet.
 14049 | D:10     | Learned a level 3 spell: Mephitic Cloud
 14115 | D:10     | Noticed Erica
 14122 | D:10     | Killed Erica
 14124 | D:10     | Noticed Maggie
 14133 | D:10     | Killed Maggie
 14134 | D:10     | Reached skill level 5 in Armour
 14269 | D:10     | Identified the +5 glaive of Might {venom, rPois Int+4
                  | Dex+5}
 14655 | D:11     | Noticed a white ugly thing
 14662 | D:11     | Killed a white ugly thing
 14894 | D:11     | Noticed a two-headed ogre
 14898 | D:11     | Killed a two-headed ogre
 14898 | D:11     | Reached *** piety under Vehumet
 14899 | D:11     | Reached skill level 9 in Fighting
 15057 | D:11     | Noticed a two-headed ogre
 15063 | D:11     | Killed a two-headed ogre
 15188 | D:11     | Noticed Urug
 15194 | D:11     | Killed Urug
 15685 | D:11     | Offered knowledge of Frozen Ramparts by Vehumet.
 16100 | D:12     | Gained mutation: Spells you cast and wands you use may
                  | paralyse nearby enemies. [demonic ancestry]
 16100 | D:12     | Reached XP level 12. HP: 45/95 MP: 14/27
 16349 | D:12     | Found Subom's Armour Shoppe.
 16354 | D:12     | Bought the +1 helmet "Kurgh" {Fly rC+ Str+2 Slay-5} for 133
                  | gold pieces
 16354 | D:12     | Bought a +0 cloak of willpower for 161 gold pieces
 16364 | D:12     | Noticed Jorgrun
 16380 | D:12     | Killed Jorgrun
 16442 | D:12     | Reached skill level 1 in Transmutations
 16622 | D:12     | Noticed an eight-headed hydra
 16634 | D:12     | Learned a level 5 spell: Irradiate
 16641 | D:12     | Learned a level 6 spell: Iron Shot
 16752 | D:12     | Noticed a five-headed hydra
 16758 | D:12     | Killed a five-headed hydra
 17352 | D:12     | Found a runed translucent door.
 17355 | D:12     | Noticed Beror's ghost (journeyman DsFE)
 17356 | D:12     | Identified the +6 spear of the Six Ships {drain, rPois rF+}
 17623 | D:12     | Killed an eight-headed hydra
 18377 | D:13     | Noticed a two-headed ogre
 18381 | D:13     | Killed a two-headed ogre
 18701 | D:13     | Noticed a two-headed ogre
 18704 | D:13     | Killed a two-headed ogre
 18704 | D:13     | Reached **** piety under Vehumet
 18705 | D:13     | Reached skill level 10 in Fighting
 18737 | D:13     | Found a sacrificial altar of Ru.
 18902 | D:13     | Noticed a two-headed ogre
 18902 | D:13     | Noticed a two-headed ogre
 18902 | D:13     | Noticed a two-headed ogre
 18911 | D:13     | Killed a two-headed ogre
 18915 | D:13     | Killed a two-headed ogre
 18928 | D:13     | Killed a two-headed ogre
 19142 | D:13     | Offered knowledge of Freezing Cloud by Vehumet.
 19149 | D:13     | Learned a level 5 spell: Freezing Cloud
 19204 | D:13     | Reached XP level 13. HP: 104/104 MP: 20/29
 19348 | D:13     | Found a gate to the Vaults.
 19860 | D:14     | Noticed Louise
 20894 | D:14     | Reached skill level 11 in Fighting
 20955 | D:14     | Found a portal to a secret trove of treasure.
 22007 | D:15     | Entered Level 15 of the Dungeon
 22839 | D:15     | Found a burning altar of Makhleb.
 22862 | D:15     | Reached skill level 12 in Fighting
 22973 | D:15     | Noticed a dire elephant
 23205 | D:15     | Killed a dire elephant
 23513 | D:15     | Found a staircase to the Depths.
 23959 | Lair:1   | Entered Level 1 of the Lair of Beasts
 24218 | Lair:1   | Gained mutation: A meltable shield of frost defends you.
                  | (SH +0) [demonic ancestry]
 24218 | Lair:1   | Reached XP level 14. HP: 105/115 MP: 21/31
 24614 | Lair:1   | Noticed Joseph
 24619 | Lair:1   | Killed Joseph
 25497 | Lair:2   | Reached ***** piety under Vehumet
 25634 | Lair:2   | Offered knowledge of Ozocubu's Refrigeration by Vehumet.
 25653 | Lair:2   | Found a staircase to the Swamp.
 25676 | Lair:2   | Learned a level 7 spell: Ozocubu's Refrigeration
 25767 | Lair:2   | Found a gate leading to a gauntlet.
 25776 | Gauntlet | Entered a Gauntlet
 25776 | Gauntlet | Found a transporter.
 25776 | Gauntlet | Found a transporter.
 25806 | Gauntlet | Found a transporter.
 25806 | Gauntlet | Found a transporter.
 25809 | Gauntlet | Found a transporter.
 25819 | Gauntlet | Found a transporter.
 25825 | Gauntlet | Found a transporter.
 25884 | Gauntlet | Found a transporter.
 25894 | Gauntlet | Found a transporter.
 25909 | Gauntlet | Found a transporter.
 25925 | Gauntlet | Found a transporter.
 25934 | Gauntlet | Found a transporter.
 26142 | Gauntlet | Identified the +2 pair of boots "Ponon" {Harm Regen+ Str+2}
 26183 | Gauntlet | Identified the +1 pair of boots "Geiseit" {rN+ Regen+
                  | Dex+4}
 26425 | Gauntlet | Identified the +1 robe of Hyriw {rF+ Dex+5 Stlth+}
 26441 | Lair:2   | Noticed Gastronok
 26465 | Lair:2   | Killed Gastronok
 26837 | Lair:2   | Reached skill level 13 in Fighting
 27970 | D:7      | Bought a scroll of acquirement for 572 gold pieces
 27970 | D:7      | Acquired the +7 lajatang of Inference {venom, Int+8}
 29158 | Lair:4   | Offered knowledge of Sticky Flame by Vehumet.
 29263 | Lair:4   | Noticed Snorg
 29267 | Lair:4   | Killed Snorg
 29521 | Lair:4   | Found a hole to the Spider Nest.
 30781 | Lair:5   | Found a staircase to the Slime Pits.
 31081 | Lair:5   | Reached skill level 10 in Conjurations
 31526 | Lair:6   | Entered Level 6 of the Lair of Beasts
 31532 | Lair:6   | Reached XP level 15. HP: 116/125 MP: 27/33
 31732 | Lair:6   | Reached skill level 14 in Fighting
 32248 | Lair:6   | Offered knowledge of Fireball by Vehumet.
 32781 | Lair:6   | Reached skill level 15 in Spellcasting
 32859 | Lair:6   | Noticed Kirke
 32870 | Lair:6   | Killed Kirke
 33844 | D:7      | Killed PanSaczeczos's ghost
 33974 | D:7      | Killed Crazy Yiuf
 34151 | D:12     | Killed Beror's ghost
 34154 | D:12     | Offered knowledge of Starburst by Vehumet.
 34162 | D:12     | Learned a level 6 spell: Starburst
 34612 | D:14     | Killed Louise
 34877 | Orc:1    | Entered Level 1 of the Orcish Mines
 34883 | Orc:1    | Reached skill level 10 in Armour
 34885 | Orc:1    | Found Juog's Jewellery Boutique.
 34891 | Orc:1    | Reached skill level 15 in Fighting
 34891 | Orc:1    | Reached skill level 1 in Fire Magic
 34896 | Orc:1    | Found a dark tunnel.
 35048 | Volcano  | Entered a volcano
 35646 | Volcano  | Found a burning altar of Makhleb.
 36025 | Orc:2    | Entered Level 2 of the Orcish Mines
 36047 | Orc:2    | Noticed Sonja
 36051 | Orc:2    | Killed Sonja
 36067 | Orc:2    | Found Boatolef's Weapon Shoppe.
 36079 | Orc:2    | Found Xuptumem's Weapon Shoppe.
 36115 | Orc:2    | Found a flickering gateway to a bazaar.
 36171 | Orc:2    | Found a staircase to the Elven Halls.
 36222 | Bazaar   | Entered a bazaar
 36236 | Bazaar   | Found Gaobepop's Distillery.
 36255 | Bazaar   | Found Qohaniez's Jewellery Emporium.
 36273 | Bazaar   | Found Peitim's Book Emporium.
 36277 | Bazaar   | Bought a Necronomicon for 728 gold pieces
 36288 | Bazaar   | Found Lykle's Book Emporium.
 36384 | Bazaar   | Bought a potion of cancellation for 72 gold pieces
 36384 | Bazaar   | Bought a potion of brilliance for 36 gold pieces
 36384 | Bazaar   | Bought a potion of mutation for 72 gold pieces
 36384 | Bazaar   | Bought a potion of brilliance for 36 gold pieces
 36398 | Bazaar   | Bought the ring "Aribruaxta" {rElec rN+ Dex+5 SInv} for 349
                  | gold pieces
 36490 | Orc:2    | Found Ycracia's Armour Emporium.
 36564 | Orc:2    | Found Purorche's Jewellery Boutique.
 36615 | Orc:2    | Found a radiant altar of Vehumet.
 36620 | Orc:2    | Gained mutation: A meltable icy envelope protects you from
                  | harm. (AC +0) [demonic ancestry]
 36620 | Orc:2    | Reached XP level 16. HP: 136/136 MP: 35/35
 36658 | Orc:2    | Noticed Nergalle
 36663 | Orc:2    | Killed Nergalle
 36808 | Orc:2    | Found an ancient bone altar of Kikubaaqudgha.
 36826 | Orc:2    | Found Egirregg's Antique Armour Shop.
 36877 | Orc:2    | Offered knowledge of Spellforged Servitor by Vehumet.
 36978 | Orc:2    | Found Fezib's Book Boutique.
 36991 | Orc:2    | Found Tobuxkof's Distillery.
 37244 | Spider:1 | Entered Level 1 of the Spider Nest
 38172 | Spider:1 | Reached skill level 16 in Fighting
 38807 | Spider:2 | Offered knowledge of Orb of Destruction by Vehumet.
 39210 | Spider:2 | Noticed Donald
 39214 | Spider:2 | Killed Donald
 40058 | Spider:2 | Paralysed by a jorogumo for 2 turns
 40097 | Spider:2 | Noticed Arachne
 40310 | Spider:2 | Killed Arachne
 41108 | Spider:3 | Reached skill level 17 in Fighting
 41273 | Spider:3 | Paralysed by a jorogumo for 3 turns
 41276 | Spider:3 | HP: 3/138 [poisoned by a wolf spider]
 41289 | Spider:3 | Gained mutation: You are surrounded by a strong repulsion
                  | field. (EV +4, RMsl) [demonic ancestry]
 41289 | Spider:3 | Reached XP level 17. HP: 22/145 MP: 12/37
 43410 | Spider:4 | Entered Level 4 of the Spider Nest
 43417 | Spider:4 | Reached ****** piety under Vehumet
 43600 | Spider:4 | Offered knowledge of Lehudib's Crystal Spear by Vehumet.
 44283 | Spider:4 | Identified the +4 falchion of Regicide {freeze, Str+4}
 45394 | Spider:4 | Learned a level 8 spell: Lehudib's Crystal Spear
 45570 | Spider:4 | Reached skill level 5 in Fire Magic
 45938 | Spider:4 | Got a gossamer rune of Zot
 46773 | Swamp:1  | Entered Level 1 of the Swamp
 46871 | Swamp:1  | Reached skill level 10 in Earth Magic
 47182 | Swamp:1  | Reached skill level 1 in Shields
 47786 | Swamp:1  | You are sucked into a shaft and drop 1 floor!
 49110 | Swamp:3  | Reached XP level 18. HP: 130/156 MP: 8/38
 49621 | Swamp:3  | Noticed Aizul
 49628 | Swamp:3  | Killed Aizul
 50003 | Swamp:3  | Offered knowledge of Fire Storm by Vehumet.
 50003 | Swamp:3  | Offered knowledge of Chain Lightning by Vehumet.
 50003 | Swamp:3  | Offered knowledge of Ignition by Vehumet.
 50492 | Swamp:4  | Entered Level 4 of the Swamp
 50712 | Swamp:4  | Noticed Mlioglotl
 50759 | Swamp:4  | Found a frozen archway.
 50763 | IceCv    | Entered an ice cave
 50820 | IceCv    | Reached skill level 18 in Fighting
 50900 | IceCv    | Found an ancient bone altar of Kikubaaqudgha.
 51049 | IceCv    | Noticed a lich
 51059 | IceCv    | Killed a lich
 51534 | IceCv    | Identified the +0 ice dragon scales of Brilliance {Harm rF-
                  | rC++ Dex+4}
 51618 | Swamp:4  | Reached skill level 5 in Shields
 51827 | Swamp:4  | Noticed Mara
 51829 | Swamp:4  | Noticed a lich
 51833 | Swamp:3  | HP: 1/157 [alligator (18)]
 51833 | Swamp:3  | Slain by an alligator

Illustrated notes

Levels and vault maps discovered:
D:1:      amcnicky_arrival_single_pillar, layout_basic
D:2:      layout_basic, serial_forest, infiniplex_forest_clump_small,
          infiniplex_forest_clump_diagonal, infiniplex_forest_clump_double,
          infiniplex_forest_3_way, infiniplex_forest_lined_3,
          infiniplex_forest_lined_2, infiniplex_forest_clump_long,
          infiniplex_forest_lined_2, nicolae_elevator_lobby_asterisk
D:3:      layout_basic, dreamdust_ecumenical_altar_grove, serial_shops, shop,
          hangedman_decor_clover_reticule, minmay_bisected
D:4:      layout_cave_pods, minmay_temple_entry_grid, uniq_natasha, uniq_pikel,
          uniq_menkaure
D:5:      layout_cave_pods, uniq_sigmund
D:6:      nicolae_cairo_tiling_very_big, layout_basic, nicolae_overflow_squiral
D:7:      layout_cave_pods, biasface_ghost_orc_armoury, minmay_shop_grid_forest,
          kennysheep_potato, uniq_crazy_yiuf_cottage
D:8:      layout_basic
D:9:      layout_basic, nicolae_dithmenos_through_a_glass_darkly,
          erik_lair_dragon
D:10:     layout_rooms, orc_0_dummy, hangedman_decor_peaks_small, centaur_isle,
          uniq_erica, uniq_maggie, uniq_grum
D:11:     layout_roguey, uniq_urug
D:12:     layout_loops_ring, ebering_ghost_funeral_grove, serial_shops,
          nicolae_shop_stone, minmay_more_statues, uniq_jorgrun
D:13:     layout_cave_pods, david_vaults_1, hangedman_ru_absence
D:14:     layout_roguey, enter_trove_3, columned_hall_lemuel, uniq_louise
D:15:     hangedman_depths_entry_try_elsewhere_first, layout_loops_cross,
          bloody_makhleb
Temple:   mainiacjoe_temple_bowtie_tessellation
Lair:1:   layout_long_grid, wad_woods_river_04, uniq_joseph
Lair:2:   regret_index_bee_streams, layout_cave_shapes,
          nicolae_swamp_entry_splash_gauntlet, gauntlet_entry_generic,
          hangedman_lair_unloving_vines, uniq_gastronok
Lair:3:   layout_cave_pods
Lair:4:   layout_small_grid, spider_nest_entry_webs, nicolae_lair_yak_garden,
          uniq_snorg
Lair:5:   layout_layer_cave, slime_dummy, chequers_serial_rivers_micro_a,
          guppyfry_lair_drakes, lemuel_fruit_tree, serial_bayou_shore_a,
          infiniplex_staircase_pool_2
Lair:6:   minmay_lair_end_enchanted_forest, layout_gridlike,
          nicolae_quartered_pool_impasse, st_stairs_5, uniq_kirke
Swamp:1:  nicolae_swamp_ascending_descending, layout_basic_swamp,
          evilmike_swamp_ruin_house_2, swamp_pool4
Swamp:2:  layout_basic_swamp, nicolae_swamp_little_swirl, swamp_pool2
Swamp:3:  nicolae_swamp_tree_isthmus, layout_basic_swamp, serial_swamp_ruin,
          evilmike_swamp_ruin_house_3, evilmike_swamp_ruin_house_1,
          evilmike_swamp_ruin_rubble_1, swamp_pool4,
          nicolae_swamp_well_well_well, uniq_aizul
Swamp:4:  grunt_swamp_rune_castle, layout_basic_swamp,
          portal_ice_cave_entry_pillars_four, uniq_mlioglotl, uniq_mara
Spider:1: layout_spider_delve, spiders_nest_spider_trap
Spider:2: layout_chambers, nicolae_spider_cling_halls, uniq_arachne, uniq_donald
Spider:3: layout_spider_delve
Spider:4: hellmonk_spider_rune_bug_friends
Orc:1:    layout_caves, serial_shops, shop, enter_volcano_1
Orc:2:    kennysheep_orc_mage_school, layout_caves, serial_shops,
          bzr_entry_gold, nicolae_shop_waterfront, shop_fountains,
          nicolae_shop_crystal, uniq_sonja

Skill      XL: |  1  2  3  4  5  6  7  8  9 10 11 12 13 14 15 16 17 18 |
---------------+-------------------------------------------------------+-----
Stealth        | 2 3 |  3.0
Dodging        | 2 3 |  3.0
Fighting       | 1 3 4 6 8 9 10 12 13 15 17 18 | 18.0
Spellcasting   | 5 6 7 9 10 11 12 13 14 15 16 | 16.6
Conjurations   | 5 6 7 8 10 12 13 | 13.4
Armour         | 2 3 4 6 7 8 9 10 11 12 | 12.0
Earth Magic    | 2 3 5 8 9 10 | 10.6
Transmutations | 3 |  3.0
Fire Magic     | 2 3 5 6 |  6.0
Shields        | 2 5 |  5.2

Action                   |  1- 3 |  4- 6 |  7- 9 | 10-12 | 13-15 | 16-18 || total
-------------------------+-------+-------+-------+-------+-------+-------++-------
Melee: Spear             |    42 |    35 |    17 |    17 |     1 |       ||   112
       Punch             |       |     1 |     1 |       |     1 |       ||     3
       Hand axe          |       |       |       |    39 |    27 |       ||    66
       Broad axe         |       |       |       |       |    87 |   119 ||   206
       Lajatang          |       |       |       |       |   189 |    85 ||   274
 Cast: Magic Dart        |    13 |    24 |    70 |    10 |       |       ||   117
       Searing Ray       |     4 |    19 |    85 |    45 |     2 |       ||   155
       Stone Arrow       |       |       |     5 |   127 |   150 |    48 ||   330
       Swiftness         |       |       |       |     1 |     3 |     9 ||    13
       Sandblast         |       |       |       |    12 |    97 |   126 ||   235
       Mephitic Cloud    |       |       |       |    14 |    17 |     7 ||    38
       Static Discharge  |       |       |       |     7 |       |       ||     7
       Iron Shot         |       |       |       |     8 |   142 |   356 ||   506
       Freezing Cloud    |       |       |       |       |   100 |    78 ||   178
       Irradiate         |       |       |       |       |    21 |       ||    21
       Starburst         |       |       |       |       |       |    29 ||    29
       Passwall          |       |       |       |       |       |     4 ||     4
Evoke: Wand              |       |     1 |     1 |       |     2 |     5 ||     9
  Use: Scroll            |       |     2 |     8 |     8 |    12 |    11 ||    41
       Potion            |       |       |       |       |       |     9 ||     9
 Stab: Sleeping          |     1 |     7 |       |       |       |       ||     8
       Paralysed         |       |     1 |     7 |    19 |    38 |    33 ||    98
       Confused          |       |       |       |     2 |     1 |     1 ||     4
       Distracted        |       |       |       |       |       |     1 ||     1
Armor: Robe              |     7 |     9 |     5 |       |       |       ||    21
       Scale mail        |       |       |     6 |       |    31 |    29 ||    66
       Leather armour    |       |       |     4 |    24 |     7 |    34 ||    69
       Swamp dragon scal |       |       |       |       |   151 |   182 ||   333
Dodge: Dodged            |    34 |    39 |    68 |    82 |   270 |   301 ||   794
       Repelled          |       |       |       |       |       |     7 ||     7
Block: Other             |       |       |     2 |    27 |   206 |    91 ||   326
       Reflection        |       |       |       |     3 |     5 |     8 ||    16
       Kite shield       |       |       |       |       |       |   273 ||   273
